[Event "Benidorm Open-A 2022"]
[Site "Benidorm"]
[Date "2022.12.08"]
[Round "6.17"]
[White "Hiren K G"]
[Black "Fernandez Garcia, Gumersindo"]
[Result "0-1"]
[ECO "B27"]
[WhiteElo "1965"]
[BlackElo "2172"]
[Annotator "TA"]
[PlyCount "124"]
[EventDate "2022.12.03"]
[EventType "swiss"]
[EventCountry "ESP"]
[SourceTitle "playchess.com"]
[Source "ChessBase"]
[SourceQuality "1"]
[TimeControl "5400+30"]

1. e4 c5 2. Nf3 g6 3. g3 Bg7 4. Bg2 Nc6 5. O-O d6 6. c3 e5 7. a3 Nge7 8. b4 a6 9. d3 O-O 10. Nbd2 h6 11. Rb1 b6 12. a4 {A04: Unusual lines after 1 Nf3 and King's Indian Attack.} cxb4 $1 13. cxb4 b5 $1 {[#]} 14. d4 $146 {Black is slightly better.} ({Predecessor:} 14. Re1 Be6 15. Nf1 Rc8 16. a5 f5 17. Ne3 f4 18. Nc2 g5 19. d4 Bg4 20. d5 Nb8 21. h3 Bxf3 22. Bxf3 fxg3 23. fxg3 Rxc2 24. Qxc2 Rxf3 {½-½ (26) Razny,P (1584)-Adamczyk,P (1645) Krakow 2013}) 14... exd4 {Black is more active.} 15. Nb3 Bg4 (15... Nxb4 16. Nbxd4 Nbc6 17. axb5 axb5 18. Be3 $11 (18. Nxb5 Rb8 $11) (18. Rxb5 Ba6 $17)) 16. Bb2 bxa4 (16... Qb6 $5 17. Nbxd4 Nxd4 18. Bxd4 Bxd4 19. Qxd4 Qxd4 20. Nxd4 bxa4 $15) 17. Nbxd4 Nxb4 18. Qxa4 Nd3 19. Ba3 Nc5 20. Bxc5 dxc5 21. Nb3 Bd7 {This pair of bishops is nice.} (21... Rc8 $5 22. Nbd2 Nc6 23. Qxa6 Nd4 24. Nxd4 Qxd4 $17) 22. Qa3 c4 23. Na5 Bb5 $36 {[%mdl 2048] Black is more active.} (23... c3 {seems wilder.} 24. e5 c2 25. Rbc1 Bb5) 24. Rfc1 Rc8 25. Nb7 $1 {Inhibits c3.} Qc7 (25... Qd7 $5 26. Nd6 Rb8 $15) 26. Nd6 Qc5 27. Qxc5 Rxc5 28. Bf1 c3 {aiming for ...c2.} 29. Bxb5 ({White has to play} 29. Nxb5 $15 axb5 30. Rxb5 Rxb5 31. Bxb5) 29... axb5 $2 (29... c2 $19 30. Ba4 cxb1=R 31. Rxb1 Nc8) 30. e5 (30. Rxb5 $11 Rxb5 31. Nxb5) 30... Rb8 $15 ({Much worse is} 30... Bxe5 $6 31. Ne4 c2 32. Nxc5 $11) 31. Ne4 Rc4 32. Nd6 Rc5 (32... c2 $5 33. Nxc4 cxb1=Q 34. Rxb1 Nc6 $17) 33. Ne4 Rc6 {Threatens to win with ...Nd5.} (33... Rc7 $5 34. Nxc3 (34. Rxc3 Rxc3 35. Nxc3 b4 $17) 34... g5 $17) 34. Nxc3 b4 35. Ne2 Rcb6 36. Rb3 (36. Ned4 $11) 36... Nc6 (36... Rd8 $15 {was preferrable.}) 37. Ned4 $1 $11 ({Of course not} 37. Rc5 Re8 38. Kg2 Nxe5 39. Nxe5 Rxe5 40. Rxe5 Bxe5 $17) 37... Na5 38. Rbb1 b3 39. Rc5 {Prevents b2.} Nb7 40. Rd5 b2 {And now ...f6 would win.} 41. Nb5 {[#]} (41. Rb5 $11 {remains equal.} Rxb5 42. Nxb5) 41... Bf8 (41... Nc5 $1 $17 42. Rxc5 Rxb5 43. Rxb5 Rxb5) 42. Rxb2 Nc5 43. Nfd4 Nd3 44. Rb3 (44. Re2 $5 ) 44... Nc5 45. Rb1 Na4 (45... Nd3 $11 {keeps the balance.}) 46. Ra1 Nc5 47. Rb1 ({White should play} 47. Nc3 $16) 47... h5 48. Kg2 R8b7 49. h3 Be7 50. g4 $2 {[#]} (50. Ra1 $11) 50... hxg4 (50... Ne6 $1 $19 {[%cal Re6f4] has better winning chances. ...Nf4+ is the strong threat.} 51. Ne2 Bc5) 51. hxg4 {[#]} (51. Ra1 $17) 51... Kg7 $2 (51... Ne6 $1 $19 {[%cal Re6f4] White must now prevent ...Nf4+.} 52. Ne2 Bc5) 52. f3 $2 (52. Kg3 $11 {and White is okay.}) 52... Ne6 $19 53. Nxe6+ fxe6 54. Rd4 (54. Rd6 Bxd6 55. exd6) 54... Rxb5 55. Rxb5 Rxb5 {[%mdl 4096] Endgame KRB-KR} 56. Rd7 Kf8 57. f4 Rb3 58. Rc7 g5 59. f5 exf5 $2 (59... Rb2+ $19 60. Kf3 Rb3+ 61. Kg2 Rb4) 60. gxf5 $17 Re3 61. f6 Ba3 {[%cal Oa3b2] Hoping for ...Bb2!} 62. Ra7 $2 (62. Rb7 $17 {was the crucial defense.} Bc5 63. Rd7) 62... Bc5 $2 {Weighted Error Value: White=0.47/Black=0.31} (62... Bb2 $19 {is more deadly.} 63. Ra8+ Kf7 64. Ra7+ Kg6 65. Rg7+ Kh6) 0-1

[Event "Benidorm Open-A 2022"]
[Site "Benidorm"]
[Date "2022.12.08"]
[Round "6.18"]
[White "Arjun C Krishnamachari"]
[Black "Rodriguez Garcia, Manuel Francisco"]
[Result "1-0"]
[ECO "B22"]
[WhiteElo "2241"]
[BlackElo "2135"]
[Annotator "TA"]
[PlyCount "45"]
[EventDate "2022.12.03"]
[EventType "swiss"]
[EventCountry "ESP"]
[SourceTitle "playchess.com"]
[Source "ChessBase"]
[SourceQuality "1"]
[TimeControl "5400+30"]

1. e4 c5 2. c3 Nf6 3. e5 Nd5 4. d4 cxd4 5. Nf3 e6 6. cxd4 b6 7. Bd3 Ba6 8. O-O Be7 9. Nc3 Nxc3 10. bxc3 Bxd3 11. Qxd3 d5 12. exd6 {White is more active. B22: Sicilian: 2 c3.} Qxd6 {[#]} (12... Bxd6 $142 13. d5 Be7) 13. Ba3 $1 $16 Qd8 (13... Qxa3 $16 14. Qe4 O-O 15. Qxa8 Qa6) 14. Bxe7 $18 {White has a decisive advantage.} Kxe7 {[#]} 15. Rfe1 $146 ({Predecessor:} 15. Ne5 f6 16. Qf3 Qd5 17. Qg4 g6 18. Rfe1 Na6 19. Nd3 Nc7 20. Nf4 Qd6 21. Re3 {1-0 (58) Narciso Dublan,M (2544)-Medvegy,N (2346) Andorra 2001}) 15... Nd7 16. Rad1 {Strongly threatening d5.} Kf8 {[#]} 17. d5 $1 Nc5 18. Qc4 {[%cal Rd5e6] dxe6 is the strong threat.} Qe7 19. Ne5 g6 20. d6 Qb7 (20... Qf6 $142 21. Qd4 Kg8) 21. d7 {Threatening mate with Qf4.} Kg7 22. Qh4 {Ng4 would kill now.} f6 23. Ng4 {Black did not feel at home in the position after the opening.   Weighted Error Value: White=0.45/Black=1.14} 1-0

[Event "Benidorm Open-A 2022"]
[Site "Benidorm"]
[Date "2022.12.08"]
[Round "6.19"]
[White "Ilinca Ilinca, Felix Antonio"]
[Black "Sarveshwaran V"]
[Result "0-1"]
[ECO "C10"]
[WhiteElo "2233"]
[BlackElo "2040"]
[Annotator "TA"]
[PlyCount "40"]
[EventDate "2022.12.03"]
[EventType "swiss"]
[EventCountry "ESP"]
[SourceTitle "playchess.com"]
[Source "ChessBase"]
[SourceQuality "1"]
[TimeControl "5400+30"]

1. e4 e6 2. d4 d5 3. Nc3 dxe4 4. Nxe4 Be7 5. Nf3 Nd7 6. Bd3 Ngf6 7. Qe2 c5 8. Bf4 {[%cal Bc1f4,Bf4g3,Bg3e5][%mdl 32] [#] C10: French with 3 Nc3: Unusual Black 3rd moves and 3...dxe4.} Qb6 $146 {Inhibits Nd6+.} (8... O-O {feels hotter.} 9. Nxc5 Bxc5 10. dxc5 Nxc5 11. Bc4 a6) ({Predecessor:} 8... Nxe4 9. Qxe4 Qa5+ 10. Bd2 Qb6 11. O-O-O cxd4 12. Qg4 Bf6 13. Bg5 Ne5 14. Nxe5 Bxe5 15. Rhe1 Bd6 16. Bc4 h6 17. Bh4 g5 18. Rxd4 h5 19. Qxg5 {1-0 (19) Halldorsson,H (2247)-Halldorsson,J (2083) Reykjavik 2019}) 9. dxc5 Nxc5 10. Nxc5 {White is slightly better.} Bxc5 (10... Qxc5 $14 11. O-O O-O) 11. O-O-O $16 Bd7 {[#] Inhibits Bb5.} 12. Ne5 $1 Bd6 13. Bg3 Bxe5 14. Bxe5 O-O-O 15. Bg3 {Qe5 is the strong threat. A strong pair of Bishops.} Qa5 16. Qe3 Rhe8 {[#]} (16... Nh5 $142) 17. Bc4 $1 {[%cal Ob2b4] Hoping for b4!} Bc6 {Inhibits b4.} 18. Rxd8+ (18. Qf4 $16 e5 19. Qf5+ Bd7 20. Qg5) 18... Rxd8 $11 19. Qf4 e5 {Active counter play!} (19... Ne4 $11 {keeps the balance.}) 20. Qxe5 $4 (20. Qf5+ $16 Rd7 21. Rd1 (21. Qxe5 $2 {is a self mate.} Qd2+ 22. Kb1 Qd1+ 23. Rxd1 Rxd1#)) 20... Qd2+ {Weighted Error Value: White=0.56/Black=0.28 (precise)} 0-1

[Event "Benidorm Open-A 2022"]
[Site "Benidorm"]
[Date "2022.12.08"]
[Round "6.20"]
[White "Sanroman Costas, Mauro"]
[Black "Cherniack, Alex"]
[Result "1-0"]
[ECO "C29"]
[WhiteElo "2123"]
[BlackElo "2188"]
[Annotator "TA"]
[PlyCount "73"]
[EventDate "2022.12.03"]
[EventType "swiss"]
[EventCountry "ESP"]
[SourceTitle "playchess.com"]
[Source "ChessBase"]
[SourceQuality "1"]
[TimeControl "5400+30"]

1. e4 e5 2. Nc3 Nf6 3. f4 d5 4. fxe5 Nxe4 5. Qf3 Nxc3 6. bxc3 c5 {outshines the older 6...Be7. C29: Vienna Game: 2...Nf6 3 f4.} 7. Qg3 Nc6 8. Nf3 Be6 {The position is equal.} 9. Be2 h6 {Inhibits Ng5.} 10. O-O Qd7 {[#]} 11. d4 $146 ({Predecessor:} 11. Ba3 O-O-O 12. Rab1 g5 13. Rb5 c4 14. Bxf8 Rdxf8 15. Rfb1 b6 16. Nd4 Kc7 17. d3 {1-0 (31) Spielmann,R-Salwe,G Karlovy Vary 1907}) 11... c4 12. a4 O-O-O 13. Ba3 Bxa3 14. Rxa3 Rdg8 15. Nd2 Ne7 16. Rb1 Nf5 17. Qf2 h5 {[#]} (17... Kb8 $14) 18. a5 {White is more active.} ({White should play} 18. Ra2 $1 $16 ) 18... Ne7 $14 19. Ra2 Nc6 $1 {[#]} 20. Bxc4 $1 dxc4 21. Ne4 {Black must now prevent Rab2.} Kc7 $2 {[%mdl 8192] [#] Black is now going downhill.} (21... Bd5 $1 $11 {and Black stays safe.} 22. Nd6+ Kb8) 22. Rxb7+ $3 {[%mdl 576] Decoy} Kxb7 23. Nc5+ Kc7 24. Nxd7 Kxd7 {[#]} 25. d5 $1 Bxd5 26. Qc5 Be4 27. Qxc4 {Really sharp!} f5 (27... Re8 28. Qxe4 Rxe5) 28. exf6 $18 {[%cal Be5f6,Bf6g7][%mdl 32] White is clearly winning.} Re8 29. Qf7+ Kd6 {Hoping for ...Bd5.} 30. fxg7 Rhg8 31. Ra1 {Threatens to win with Rd1+.} h4 32. Rd1+ Kc5 33. Re1 {[%cal Oe1e4] Rxe4! would kill now.} Bg6 34. Qf2+ ({Worse is} 34. Qxg6 Rxe1+ 35. Kf2 Re7 36. Qg5+ Kd6 37. Qf4+ (37. Qxh4 Rgxg7 38. Kg1 Rgf7 $17) 37... Kd7 38. Qxh4 Rgxg7 $17) 34... Kb5 35. Rxe8 Rxe8 36. Qf8 Ne7 {[#] Prevents g8Q.} 37. Qxe7 $3 {[%mdl 512] Weighted Error Value: White=0.20 (precise) /Black=0.48} 1-0

[Event "Benidorm Open-A 2022"]
[Site "Benidorm"]
[Date "2022.12.08"]
[Round "6.21"]
[White "Slagboom, Leandro"]
[Black "Sanchez Manzanares, Jorge Luis"]
[Result "1-0"]
[ECO "B08"]
[WhiteElo "2147"]
[BlackElo "2095"]
[Annotator "TA"]
[PlyCount "95"]
[EventDate "2022.12.03"]
[EventType "swiss"]
[EventCountry "ESP"]
[SourceTitle "playchess.com"]
[Source "ChessBase"]
[SourceQuality "1"]
[TimeControl "5400+30"]

1. e4 d6 2. d4 Nf6 3. Nc3 g6 4. Nf3 Bg7 5. Be2 O-O 6. O-O c6 7. a4 Bg4 8. Be3 Nbd7 9. h3 Bxf3 10. Bxf3 e5 11. d5 {B08: Pirc Defence: Classical System.} c5 {[#]} 12. g4 $146 ({Predecessor:} 12. a5 Ne8 13. Qe2 f5 14. Rfb1 a6 15. b4 cxb4 16. Rxb4 Rc8 17. Na4 Qc7 18. c4 Nef6 {1-0 (44) Ladva,O (2522)-Kalashian,D (2397) Moscow 2018}) 12... Ne8 13. Qd2 {White is better.} a6 14. Be2 Qe7 15. a5 Kh8 16. Ra4 Nc7 17. b4 Ne8 18. bxc5 Nxc5 19. Rb4 Rc8 20. Rfb1 Qd8 21. Rb6 (21. Na4 $16) 21... Rg8 (21... Nf6 $11) 22. Kh2 (22. Bxc5 $16 Rxc5 23. Na4 (23. Rxb7 f5 $16)) 22... Rf8 23. Rg1 {White is more active.} (23. Bd3 $14) 23... Qc7 ({Black should try} 23... Nf6 $15) 24. Rgb1 Qd8 25. Bf3 Rc7 26. Bg2 f5 27. gxf5 (27. exf5 {seems wilder.} gxf5 28. gxf5 Qc8 29. Ne2) 27... gxf5 28. exf5 Rxf5 $2 {[#] Loses the game.} (28... Qc8 $1 $14) 29. Bxc5 $1 $18 Rxc5 30. Ne4 (30. Rxb7 $6 Qxa5 31. R1b4 (31. Qd3 e4 $16) 31... Qd8 $16) 30... Rc4 (30... Rc7 31. Rxb7 Rxb7 32. Rxb7 Nf6) 31. Rxb7 Qh4 32. Qe2 Rd4 (32... Qf4+ $142 33. Kh1 Ra4) 33. c3 (33. Qxa6 Rxe4 34. Qd3 Qf4+ 35. Kh1 Rd4 $17) 33... Ra4 34. Qg4 (34. Qxa6 Rxe4 35. Qd3 Rxf2 $11) 34... Qxg4 35. hxg4 Rf8 36. g5 {Inhibits Nf6.} Rxa5 37. c4 {[#] And now Re7 would win.} Ra2 $2 (37... Ra4 38. c5 dxc5) 38. Kg1 {Black must now prevent Re7.} a5 (38... Ra4 $142 39. c5 dxc5) 39. Ra7 Rc2 40. c5 dxc5 41. Rxa5 h6 42. g6 ({Weaker is} 42. Nxc5 Nd6 43. Ne6 Rfxf2 $18) 42... Nf6 43. Nxc5 Ng4 44. Ne6 {Strongly threatening Ra7.} Rg8 45. Ra7 {White threatens Rxg7 and mate.} Rxf2 46. Nxg7 (46. Be4 $142 Nf6 47. Rxg7) 46... Rxg7 47. Rb8+ Rg8 48. Rh7# {Weighted Error Value: White=0.48/Black=0.66} 1-0

[Event "Benidorm Open-A 2022"]
[Site "Benidorm"]
[Date "2022.12.08"]
[Round "6.22"]
[White "Rodriguez Melendez, Juan Humbert"]
[Black "Achuthan, Dylan"]
[Result "1/2-1/2"]
[ECO "D81"]
[WhiteElo "2157"]
[BlackElo "2050"]
[Annotator "TA"]
[PlyCount "98"]
[EventDate "2022.12.03"]
[EventType "swiss"]
[EventCountry "ESP"]
[SourceTitle "playchess.com"]
[Source "ChessBase"]
[SourceQuality "1"]
[TimeControl "5400+30"]

1. d4 Nf6 2. c4 g6 3. Nc3 d5 4. Qb3 dxc4 5. Qxc4 a6 6. Bf4 {D81: Grünfeld: 4 Qb3.} c6 7. e4 Bg7 8. Nf3 {[#] White is slightly better.} Bg4 $146 (8... O-O $14) ({Predecessor:} 8... b5 9. Qd3 Bb7 10. Rd1 Nbd7 11. e5 Nh5 12. Be3 c5 13. e6 fxe6 14. dxc5 Qc7 15. Be2 Nxc5 16. Bxc5 {1-0 (34) Kazhgaleyev,M (2575)-Nigmatov,O (2421) Tashkent 2021}) 9. Be2 $16 {White is more active.} b5 10. Qd3 (10. Qb3 {seems wilder.} Bxf3 11. Bxf3 Qxd4 12. Rd1) 10... Nfd7 11. Rd1 Nb6 12. O-O N8d7 13. Qe3 O-O 14. Bh6 (14. Ne5 $16 Bxe5 15. dxe5 (15. Bxg4 Nc4 $17) 15... Bxe2 16. Nxe2 (16. Qxe2 b4 $14)) 14... Qc7 15. Bxg7 Kxg7 16. e5 (16. Ng5 {simplifies} Bxe2 17. Nxe2 h6 18. Nf3) 16... Nd5 {Against Qf4} 17. Qg5 (17. Nxd5 {simplifies} cxd5 18. Rd3 Nb6 19. Rc1) 17... Nxc3 18. bxc3 Bxf3 19. Bxf3 Nb6 20. Rfe1 e6 21. Rd3 Nd5 (21... Qd8 $5 22. Qc1 Nd5 $14) 22. Be4 Qd8 (22... Qe7 $5 23. Qd2 Rac8 $14) 23. Qg3 Qa5 24. h4 Qxa2 25. h5 {Black must now prevent Qh4.} Qa5 (25... Qa3 $5 ) 26. Rf3 Qd8 27. Bb1 (27. Rc1 $11 {remains equal.}) 27... a5 $17 28. Re4 {And now hxg6 would win.} a4 $2 (28... Kh8 $1 $17 {stays on course.} 29. Qg4 Qe7) 29. Rg4 $2 (29. hxg6 $1 $18 fxg6 30. Rh4) 29... Qe8 {[#]} ({Black should play} 29... Kh8 $11) 30. hxg6 $2 (30. Rf6 $1 $14 {is the one way to stay ahead.} Ne7 (30... Nxf6 31. exf6+) 31. hxg6 hxg6 32. Qf4) 30... fxg6 $19 31. Bxg6 $2 (31. Rd3) 31... hxg6 32. Rxf8 Kxf8 (32... Qxf8 33. Rxg6+ Kf7 34. Qg4 $11) 33. Rxg6 Qf7 {Against Rg8+} 34. Qg5 {[#]} (34. Rh6 Qg7 35. Qh4) 34... Qh7 $2 (34... Nxc3 35. Qh6+ Ke8 36. Rxe6+ Kd7 37. Rd6+ (37. Rxc6 Ne2+ 38. Kf1 Ng3+ 39. Kg1 Ne2+ 40. Kf1 Ng3+ 41. Ke1 Qf5 $11) 37... Ke8 38. Qh8+ (38. Rxc6 Ne2+ 39. Kf1 Ng3+ 40. Kg1 Ne2+ 41. Kf1 Ng3+ 42. Kg1 Ne2+ $11) 38... Qf8 39. Qh5+ Qf7 40. Qh8+ Qf8 41. Qh5+ Qf7 42. Re6+ Kf8 43. Rf6 $18) (34... a3 $1 $19 {[%cal Ra3a2] ...a2 is the strong threat.} 35. Qh6+ Ke8 36. Qh8+ (36. Rxe6+ $2 Kd7 $19) 36... Kd7 37. Qxa8 Qxg6 38. Qxa3 Ne7) 35. Rxe6 $11 {Strongly threatening Rh6.} a3 {Threatens to win with ...a2.} (35... Nxc3 $2 36. Rh6 Ra7 37. Rxh7 Rxh7 38. e6 $18) 36. Rh6 $1 {Prevents a2.} Qg8 (36... Qb1+ $2 37. Kh2 Qe4 38. Rh8+ (38. Rxc6 $2 Qf4+ 39. Qxf4+ Nxf4 $19) 38... Kf7 39. Rxa8 $18) 37. Qf5+ Ke8 38. Re6+ (38. Rh7 $5 Ne7 $8 39. Rxe7+ (39. Qh3 $2 a2 $19) 39... Kxe7 40. Qf6+ Ke8 41. Qxc6+ Kf7 42. Qf6+ Ke8 43. Qc6+ Kf7 44. Qf6+ Ke8 45. Qc6+ $11) 38... Ne7 39. Qh5+ $2 (39. Rxe7+ $11 Kxe7 40. Qf6+ Ke8 41. Qxc6+ Kf7 42. Qf6+ Ke8 43. Qc6+ Kf7 44. Qf6+ Ke8 45. Qc6+) 39... Qf7 $19 40. Qh8+ Qf8 41. Qh5+ Kd7 42. Qg4 Kc7 43. d5 cxd5 $2 ({Black should try} 43... Nxd5 $19 {( -> ...a2)} 44. Rd6 a2 45. Rd7+ Kb8) 44. Qb4 $36 {[%csl LRb5,LRe7][%mdl 2048] White has some pressure.} Nc6 (44... Nf5 $2 45. Qxb5 Ne7 46. Rd6 $18) 45. Qxb5 {The board is on fire.} Na7 (45... Nd8 $11 46. Rd6 Qxd6 47. exd6+ Kxd6) 46. Qb6+ ({Stronger than} 46. Qxd5 Rd8 47. Qc4+ (47. Qb3 $2 Qc5 $19) 47... Kb7 $11) 46... Kc8 47. Qa6+ Kc7 48. Qb6+ (48. Rf6 $142 Qe7 49. Qa5+ Kc8 50. Qxd5) 48... Kc8 $1 $18 49. Qa6+ Kc7 {[%mdl 32768] Weighted Error Value: White=0.98/Black=0.51. An unexpected result.} 1/2-1/2

[Event "Benidorm Open-A 2022"]
[Site "Benidorm"]
[Date "2022.12.08"]
[Round "6.23"]
[White "Gil Lopez, Alejandro"]
[Black "Priyanka, Kumari"]
[Result "0-1"]
[ECO "C55"]
[WhiteElo "2041"]
[BlackElo "1910"]
[Annotator "TA"]
[PlyCount "64"]
[EventDate "2022.12.03"]
[EventType "swiss"]
[EventCountry "ESP"]
[SourceTitle "playchess.com"]
[Source "ChessBase"]
[SourceQuality "1"]
[TimeControl "5400+30"]

1. e4 e5 2. Nf3 Nc6 3. Bc4 Nf6 4. d3 h6 5. h3 d6 6. Be3 {C55: Two Knights: 4 d3, 4 d4 exd4 5 e5 and Max Lange Attack.} d5 7. exd5 Nxd5 8. Bxd5 (8. O-O $11) 8... Qxd5 $15 9. Nc3 {[#]} Qd8 $146 ({Predecessor:} 9... Qd7 10. d4 Bd6 11. d5 Ne7 12. Qd2 Ng6 13. O-O-O Bc5 14. d6 cxd6 15. a3 Bxe3 16. Qxe3 {0-1 (16) Engelbrecht,R (809)-Burgers,A (797) Cape Town 2016}) 10. d4 exd4 11. Nxd4 Nxd4 12. Qxd4 (12. Bxd4 $5 Be6 13. O-O $11) 12... Qxd4 13. Bxd4 Bd7 {Inhibits Nb5.} 14. O-O-O O-O-O $1 15. Rhe1 (15. Bxa7 $2 {loses.} b6 16. f3 Kb7 17. Bxb6 (17. Nb5 $2 Be7 $19) 17... cxb6 $19) 15... Bc6 16. f3 f6 17. Ne4 (17. Bxa7 $2 Rxd1+ 18. Rxd1 b6 $19) 17... h5 18. c3 (18. Bxa7 $2 Rxd1+ 19. Rxd1 b6 $17) 18... h4 19. Bc5 (19. Bxa7 $2 {too greedy.} Rxd1+ 20. Rxd1 b6 $19) 19... Rxd1+ 20. Rxd1 Bxe4 21. Bxf8 Rxf8 22. fxe4 {[%mdl 4096] Endgame KR-KR} Re8 23. Rd4 Re5 24. Kd1 {[#]} b6 $1 25. Ke2 c5 26. Ra4 (26. Rd2 $17) 26... Kb7 $19 {Threatens to win with ...b5.} 27. Kf3 b5 28. Ra3 Rg5 {Against c4} 29. Rb3 $2 {[#]} (29. g4) 29... c4 30. Ra3 Kb6 31. b4 Rg3+ 32. Kf2 a6 {Weighted Error Value: White=0.26 (precise) /Black=0.05 (flawless)} 0-1

[Event "Benidorm Open-A 2022"]
[Site "Benidorm"]
[Date "2022.12.08"]
[Round "6.24"]
[White "Kocak, Ediz"]
[Black "Plaskett, H James"]
[Result "1-0"]
[ECO "B90"]
[WhiteElo "2115"]
[BlackElo "2365"]
[Annotator "TA"]
[PlyCount "65"]
[EventDate "2022.12.03"]
[EventType "swiss"]
[EventCountry "ESP"]
[SourceTitle "playchess.com"]
[Source "ChessBase"]
[SourceQuality "1"]
[TimeControl "5400+30"]

1. e4 c5 2. Nf3 d6 3. d4 cxd4 4. Nxd4 Nf6 5. Nc3 a6 6. Rg1 e5 7. Nb3 Be6 8. g4 {[%cal Bg2g4,Bg4g5][%mdl 32] B90: Sicilian Najdorf: Unusual White 6th moves, 6 Be3 Ng4 and 6 Be3 e5.} Be7 ({Better is} 8... h6 $11) 9. g5 $14 Nfd7 10. Be3 {White is slightly better.} Nb6 ({Black should try} 10... O-O $14) 11. Qd2 $16 {White is more active.} N8d7 12. O-O-O {[#]} Rc8 $146 ({Predecessor:} 12... O-O 13. Nd5 Nxd5 14. exd5 Bf5 15. Bd3 Bxd3 16. Qxd3 Qc7 17. f4 f5 18. Qe2 Rac8 {½-½ (71) Tirard,H (2491)-Iotov,V (2509) Fouesnant 2007}) 13. Kb1 O-O 14. h4 Nc4 15. Bxc4 Rxc4 16. Qd3 Qc7 17. Nd2 Nc5 18. Bxc5 Rxc5 19. Nd5 Bxd5 20. exd5 Rc8 (20... Qd7 $142) 21. c3 Qd7 {[#]} 22. Ne4 $1 Rc4 (22... Ra5 {is a better defense.} 23. b3 Kh8) 23. h5 {[%cal Of2f4] Black must now prevent f4!} g6 24. b3 (24. Rg3 $142) 24... R4c7 $2 {Black cannot hold the game after this.} (24... Rxe4 $16 {keeps fighting.} 25. Qxe4 Rxc3) 25. Rg3 b5 26. Rh1 Kg7 27. Rgh3 Rh8 $2 {[#]} (27... Rg8 28. Qe3 Qf5) 28. Ka1 (28. h6+ $142 Kf8 29. f4) 28... Rcc8 $2 (28... Qf5 29. Qe3 Rb7 30. h6+ Kg8) 29. Qf3 (29. h6+ $142 Kf8 30. Rf1) 29... Qf5 $18 30. Qg2 gxh5 (30... Kg8 $142 31. f3 a5) 31. Rxh5 {Strongly threatening R1h3.} Rcg8 32. Nf6 Qc2 $2 (32... Kf8) 33. Qf3 {Weighted Error Value: White=0.35/Black=0.54} ({Inferior is} 33. Nxh7 Qxc3+ 34. Kb1 Qd3+ 35. Ka1 Qd4+ 36. Kb1 Qd3+ 37. Ka1 Qd2 $19) ({Worse is} 33. Rxh7+ Rxh7 34. Rxh7+ Kf8 $15) 1-0

[Event "Benidorm Open-A 2022"]
[Site "Benidorm"]
[Date "2022.12.08"]
[Round "6.26"]
[White "Cabezas Ayala, Ivan"]
[Black "Troffiguer, Olivier"]
[Result "1-0"]
[ECO "B13"]
[WhiteElo "2259"]
[BlackElo "2007"]
[Annotator "TA"]
[PlyCount "77"]
[EventDate "2022.12.03"]
[EventType "swiss"]
[EventCountry "ESP"]
[SourceTitle "playchess.com"]
[Source "ChessBase"]
[SourceQuality "1"]
[TimeControl "5400+30"]

1. e4 c6 2. d4 d5 3. exd5 cxd5 4. c4 Nf6 5. Nc3 Nc6 6. Bg5 Be6 7. Nf3 g6 {B13: Caro-Kann: Exchange Variation and Panov-Botvinnik Attack.} 8. c5 (8. Qb3 {seems wilder.} Na5 9. Qa3 h6 10. cxd5 Nxd5 11. Bb5+) 8... Bg7 (8... Ne4 {is interesting.} 9. Bb5 Bg7 10. Bf4 Bg4) 9. Bb5 O-O {The position is equal.} (9... Ne4 {is more complex.} 10. Bf4 Bg4 11. Qa4 O-O) 10. O-O Bg4 (10... Ne4 {feels hotter.} 11. Bxc6 bxc6 12. Re1 Rb8) 11. Bxc6 bxc6 12. h3 Bxf3 13. Qxf3 h6 14. Bf4 {[#]} Ne4 $146 (14... Nd7 $15) ({Predecessor:} 14... Nd7 15. Rad1 e5 16. dxe5 Nxe5 17. Qg3 Nc4 18. b3 Na3 19. Ne2 Re8 20. Nd4 Rc8 {0-1 (43) Baskin,R (2383)-Sevgi,V (2344) Chess.com INT 2021}) 15. Rad1 $11 Nxc3 16. Qxc3 a5 17. Rfe1 e6 18. Rd3 a4 19. Qd2 Kh7 20. Rf3 {Black must now prevent Bd6.} Ra7 21. Qb4 Qa8 22. Bd6 Rb7 23. Qd2 Re8 24. Qf4 (24. Ra3 $11) 24... Qa5 $15 25. Ree3 (25. Re2 $15) 25... Qb4 (25... Rxb2 $2 26. Qxf7 Qd8 27. Rg3 Rb1+ 28. Kh2 $18) 26. Be5 Bxe5 (26... Qxb2 {keeps more tension.} 27. Bxg7 Kxg7 28. Qe5+ Kg8) 27. Qxe5 Qxb2 28. Rf6 Qxa2 29. Ref3 (29. h4 $17) 29... Ree7 $1 $19 30. Kh2 a3 $2 (30... Qd2 $19 {Threatens to win with ...Qc1.} 31. Re3 Qa5) 31. h4 $11 h5 {Strongly threatening ...Qb2.} 32. Rg3 Qb2 33. Rg5 $2 (33. Qg5 $11 Qc2 34. Rxa3) 33... Qc1 $1 $19 {Hoping for ...a2.} (33... a2 34. Rxh5+ $1 Kg8 35. Rh8+ $3 Kxh8 36. Rxf7+ Kg8 37. Qg7#) 34. f4 Qd1 $2 ({Black should play} 34... Rb1 $19 {( -> ...Qg1+)} 35. Kg3 Rb3+ 36. Kh2 Qe3 37. Qxe3 Rxe3) 35. Rxf7+ $4 Rxf7 36. Qxe6 Qd3 (36... Rxf4 $2 37. Qxg6+ Kh8 38. Qg8#) 37. f5 {[#]} Rg7 $2 (37... gxf5 $2 {is a self mate.} 38. Qg6+ Kh8 39. Qg8#) (37... Qxf5 $1 38. Rxf5 Rxf5 39. Qxc6 Ra7) 38. Rxg6 (38. fxg6+ $19 Qxg6 39. Rxg6 Rxg6 40. Qh3) 38... Qe4 $4 ({Don't take} 38... Qxd4 39. Rh6#) (38... Qd2 {and all is fine.} 39. Qd6 a2 40. Rg5 Rxg5 41. hxg5 Qxg5 42. Qg6+ Qxg6 43. fxg6+ Kxg6 44. Kg3 a1=Q 45. Kf3 Qxd4 46. g4 Rb3+ 47. Kg2 Qd2+ 48. Kh1 Rb1#) 39. Rh6# {Weighted Error Value: White=0.86/Black=0.65} 1-0